 Dungeon Crawl Stone Soup version 0.26-a0-753-g4680b4fa2e (webtiles) character file.

Game seed: 18105521966683856523

2541 Queen the Fighter (level 9, 102/102 HPs)
             Began as an Ogre Fighter on Nov 7, 2020.
             Quit the game in the Ecumenical Temple.
             The game lasted 00:33:05 (8081 turns).

Queen the Fighter (Ogre Fighter)                    Turns: 8081, Time: 00:33:05

Health: 102/102    AC:  4    Str: 25    XL:     9   Next: 55%
Magic:  9/9        EV: 11    Int:  9    God:
Gold:   1196       SH:  0    Dex:  8    Spells: 8/8 levels left

rFire    . . .     SeeInvis .   F - +0 giant spiked club
rCold    . . .     Faith    +   (shield currently unavailable)
rNeg     . . .     Spirit   .   b - +0 robe
rPois    .         Reflect  .   l - +0 hat
rElec    .         Harm     .   D - +0 cloak
rCorr    .         Rampage  .   (gloves unavailable)
MR       +....                  (boots unavailable)
Stlth    +.........             w - amulet of faith
HPRegen  0.27/turn              f - +4 ring of slaying
MPRegen  0.11/turn              g - ring of protection from magic

@: no status effects
A: large, unfitting armour, tough skin 1
a: no special abilities


You were in the Ecumenical Temple.
You visited 2 branches of the dungeon, and saw 8 of its levels.

You collected 1196 gold pieces.

Inventory:

Hand Weapons
 a - a +2 flail of protection
 x - a +0 whip of flaming
 F - a +0 giant spiked club (weapon)
Armour
 b - a +0 robe (worn)
 l - a +0 hat (worn)
 D - a +0 cloak (worn)
Jewellery
 f - a +4 ring of slaying (left hand)
 g - a ring of protection from magic (right hand)
 u - an uncursed ring of positive energy
 w - an amulet of faith (around neck)
 C - a cursed -4 ring of intelligence {unknown}
 E - an uncursed ring of stealth {unknown}
Wands
 o - a wand of polymorph (8)
 r - a wand of random effects (20)
 t - a wand of flame (32)
 H - a wand of acid (6)
Scrolls
 e - 9 scrolls of remove curse
 m - 2 scrolls of teleportation {unknown}
 p - 2 scrolls of amnesia {unknown}
 q - a scroll of immolation {unknown}
 v - a scroll of blinking
 y - a scroll of enchant weapon {unknown}
 z - a scroll of noise {unknown}
 A - a scroll of enchant armour {unknown}
Potions
 d - 2 potions of might
 h - 2 potions of brilliance
 i - 2 potions of degeneration {unknown}
 j - 2 potions of flight
 k - 2 potions of haste
 n - 6 potions of curing
 s - 2 potions of ambrosia
 B - 2 potions of invisibility {unknown}


   Skills:
 * Level 10.5 Fighting
 + Level 5.1 Maces & Flails
 + Level 5.4 Dodging
   Level 5.7 Shields
 + Level 3.2 Evocations


You had 8 spell levels left.
You didn't know any spells.
Your spell library was empty.

Dungeon Overview and Level Annotations

Branches:
Dungeon (7/15)             Temple (1/1) D:7

Altars:
Dithmenos
Hepliaklqana
Kikubaaqudgha
Okawaru
Vehumet
The Shining One

Annotations:
D:2 exclusion: 2 downstairs


Innate Abilities, Weirdness & Mutations

You are too large for most types of armour.
You have tough skin. (AC +1)


Message History

You thump the adder!
You kill the adder!
You feel sick.
No target in view!
(D) Dungeon (T) Temple
Where to? (Enter - D:7, ? - help)
You feel sick.
There is an escape hatch in the ceiling here.
You feel sick.
You feel sick.
You are no longer poisoned.
There is a staircase to the Ecumenical Temple here.
You climb downwards.
Welcome to the Ecumenical Temple!
Found three altars.
There is a staircase back to the Dungeon here.
Unknown command.
Found a shadowy altar of Dithmenos and a radiant altar of Vehumet.
Found an ancient bone altar of Kikubaaqudgha.
There is a glowing golden altar of the Shining One here.
Are you sure you want to abandon this character and quit the game? (Confirm with "yes".)

###....
###.......
###.........
##......._...
##............
##......._.....
#..............
##......@.......
#...............
#...............
#.<...._........
#...............
#...............
##......_.......
#..............
##...........


There were no monsters in sight!

Vanquished Creatures
  Pikel (D:4)
  Grinder (D:3)
  A water moccasin (D:6)
  A sky beast (D:5)
  An ice beast (D:5)
  A hornet zombie (D:5)
  2 ogres
  3 centaurs
  2 bullfrogs (D:6)
  Dowan (D:5)
  A howler monkey (D:4)
  4 wights
  A bullfrog zombie (D:6)
  A hound (D:6)
  A centaur skeleton (D:5)
  An orc priest (D:6)
  An iguana (D:3)
  3 orc wizards
  2 worker ants
  A hound zombie (D:6)
  Robin (D:4)
  7 gnolls
  A howler monkey skeleton (D:4)
  13 adders
  A shadow imp (D:5)
  2 white imps
  An ufetubus (D:6)
  2 oozes
  2 worms
  2 dart slugs
  6 leopard geckos
  15 orcs
  5 giant cockroaches
  20 goblins
  9 hobgoblins
  8 jackals
  7 quokkas
  8 bats
  6 frilled lizards
  A jackal skeleton (D:4)
  10 kobolds
  A quokka skeleton (D:4)
  10 rats
168 creatures vanquished.

Vanquished Creatures (others)
  2 plants (D:7)
2 creatures vanquished.

Grand Total: 170 creatures vanquished

Notes
Turn   | Place    | Note
-------+----------+-------------------------------------------
     0 | D:1      | Queen the Ogre Fighter began the quest for the Orb.
     0 | D:1      | Reached XP level 1. HP: 24/24 MP: 1/1
   223 | D:1      | Reached XP level 2. HP: 22/32 MP: 2/2
   555 | D:1      | Reached XP level 3. HP: 36/40 MP: 3/3
  1258 | D:2      | Reached skill level 5 in Fighting
  1284 | D:2      | Reached XP level 4. HP: 45/50 MP: 4/4
  2450 | D:2      | Reached XP level 5. HP: 53/58 MP: 5/5
  2691 | D:3      | Noticed Grinder
  2730 | D:3      | Paralysed by Grinder for 6 turns
  2837 | D:3      | Paralysed by Grinder for 7 turns
  2884 | D:3      | Paralysed by Grinder for 2 turns
  2990 | D:3      | Paralysed by Grinder for 2 turns
  3236 | D:3      | Killed Grinder
  3236 | D:3      | Reached skill level 6 in Fighting
  3236 | D:3      | Reached XP level 6. HP: 19/68 MP: 6/6
  3626 | D:3      | Noticed Sigmund
  3627 | D:3      | Noticed Sigmund
  3627 | D:3      | Sigmund changed into Sigmund the iguana
  3630 | D:3      | Killed Sigmund the iguana
  3630 | D:3      | Reached skill level 7 in Fighting
  3753 | D:3      | Reached XP level 7. HP: 78/78 MP: 7/7
  4343 | D:4      | You fall into a shaft and drop 1 floor!
  4343 | D:5      | Entered Level 5 of the Dungeon
  4393 | D:5      | HP: 1/78 [hornet zombie (9)]
  5092 | D:4      | Noticed Robin
  5104 | D:4      | Killed Robin
  5137 | D:4      | Noticed Pikel
  5166 | D:4      | Killed Pikel
  5166 | D:4      | Reached skill level 8 in Fighting
  5166 | D:4      | Reached skill level 1 in Evocations
  5166 | D:4      | Reached XP level 8. HP: 36/89 MP: 8/8
  5823 | D:5      | Reached skill level 9 in Fighting
  6048 | D:5      | Reached skill level 5 in Shields
  6150 | D:5      | Noticed Duvessa
  6150 | D:5      | Noticed Dowan
  6153 | D:5      | Noticed Duvessa
  6153 | D:5      | Duvessa changed into Duvessa the worker ant
  6157 | D:5      | Killed Duvessa the worker ant
  6168 | D:5      | Killed Dowan
  6276 | D:6      | Reached XP level 9. HP: 89/100 MP: 9/9
  6311 | D:6      | Reached skill level 5 in Dodging
  6480 | D:6      | Reached skill level 10 in Fighting
  7320 | D:7      | Reached skill level 5 in Maces & Flails
  8013 | D:7      | Found a staircase to the Ecumenical Temple.
  8036 | D:7      | Identified a scroll of acquirement
  8037 | D:7      | Acquired 840 gold pieces
  8074 | Temple   | Entered the Ecumenical Temple
  8081 | Temple   | Quit the game

Illustrated notes

Levels and vault maps discovered:
D:1:      saegor_arrival_simple_d, layout_loops_ring
D:2:      layout_loops_ring, minmay_three_crescents
D:3:      wad_river_or_something, layout_loops_ring, uniq_grinder, uniq_sigmund
D:4:      layout_basic, uniq_pikel, uniq_robin
D:5:      layout_basic, uniq_duvessa
D:6:      layout_basic, serial_curves, eino_curves_01, eino_curves_02,
          corexii_corridor_pit
D:7:      layout_loops_corners, minmay_temple_entry_gardened_gates,
          lemuel_centaur_altar
Temple:   compressed_dpeg_circular_temple

Skill      XL: |  1  2  3  4  5  6  7  8  9 |
---------------+----------------------------+-----
Maces & Flails | 2 3 4 5 |  5.1
Shields        | 3 4 5 |  5.7
Dodging        | 3 4 5 |  5.4
Fighting       | 5 6 7 8 9 10 | 10.5
Evocations     | 1 2 3 |  3.2

Action                   |  1- 3 |  4- 6 |  7- 9 || total
-------------------------+-------+-------+-------++-------
Melee: Flail             |   116 |   143 |   215 ||   474
       Giant spiked club |       |       |    48 ||    48
Evoke: Wand              |       |     2 |     2 ||     4
  Use: Scroll            |     5 |       |     6 ||    11
Armor: Robe              |    21 |    25 |    61 ||   107
Dodge: Dodged            |    31 |    43 |   105 ||   179
Block: Kite shield       |    61 |    73 |    78 ||   212

Table legend: (Time is in decaauts)
 A = Elapsed time spent in this place.
 B = Non-inter-level travel time spent in this place.
 C = Inter-level travel time spent in this place.
 D = Time resting spent in this place.
 E = Time spent auto-exploring this place.
 F = Levels seen in this place.
 G = Mean time per level.
                   A        B        C        D        E       F      G
               +--------+--------+--------+--------+--------+-----+--------+
         Total |   8267 |   7847 |    420 |   3112 |   2998 |   8 | 1033.4 |
       Dungeon |   8260 |   7840 |    420 |   3112 |   2998 |   7 | 1180.0 |
        Temple |      6 |      6 |      0 |      0 |      0 |   1 |    6.0 |
               +--------+--------+--------+--------+--------+-----+--------+

Top non-repeatable levels by time:
     D:2: 1928 daAuts
     D:3: 1346 daAuts
     D:6: 1305 daAuts
     D:1: 1086 daAuts
     D:5: 1074 daAuts
     D:4: 947 daAuts
     D:7: 571 daAuts
  Temple: 6 daAuts
